 Dungeon Crawl Stone Soup version bcrawl-1.20 (webtiles) character file.

Game seed: 6882677038285837048

12 Banto the Insei (level 2, -2/18 HPs)
             Began as an Octopode Transmuter on Jan 16, 2020.
             Slain by a worm (10 damage)
             ... on level 1 of the Dungeon.
             The game lasted 00:00:22 (501 turns).

Banto the Insei (Octopode Transmuter)                Turns: 501, Time: 00:00:22

Health: -2/18      AC:  1    Str:  9    XL:     2   Next: 33%
Magic:  5/5        EV: 13    Int: 15    God:
Gold:   41         SH:  0    Dex: 12    Spells: 4/5 levels left

rFire    . . .     SeeInvis .   h - -3 mace (curse)
rCold    . . .     Gourm    .   (no shield)
rNeg     . . .     Faith    .   (helmet restricted)
rPois    .         Spirit   .   (cloak restricted)
rElec    .         Reflect  .   (no amulet)
rCorr    .         Harm     .   (no ring)
MR       .....                  (no ring)
Stlth    ++........             (no ring)
HPRegen  0.06/turn              (no ring)
MPRegen  0.09/turn              (no ring)
                                (no ring)
                                (no ring)
                                (no ring)

@: no status effects
A: almost no armour, stealthy swim, amphibious, 8 rings, constrict 8, camouflage
1, gelatinous body 1
a: no special abilities


You were on level 1 of the Dungeon.
You were not hungry.

You visited 1 branch of the dungeon, and saw 1 of its levels.

You collected 41 gold pieces.

Inventory:

Hand Weapons
 h - a cursed -3 mace (weapon)
Missiles
 a - 120 arrows
Scrolls
 b - a scroll of teleportation {unknown}
 d - a scroll of identify {unknown}
Potions
 c - 3 potions of lignification
 f - a potion of resistance {unknown}
 g - a potion of degeneration {unknown}
Comestibles
 e - a ration {!d}


   Skills:
 - Level 1.0 Fighting
 - Level 2.0 Dodging
 + Level 3.3 Unarmed Combat
 - Level 2.0 Spellcasting
 + Level 2.5 Transmutations


You had 4 spell levels left.
You knew the following spells:

 Your Spells              Type           Power        Failure   Level  Hunger
a - Beastly Appendage     Tmut           #.....       8%          1    #......

Your spell library contained the following spells:

 Spells                   Type           Power        Failure   Level  Hunger
 Sticks to Snakes         Tmut           #.......     12%         2    ###....
 Spider Form              Tmut/Pois      #..          36%         3    ###....
 Ice Form                 Ice/Tmut       #.......     78%         4    #####..
 Blade Hands              Tmut           #.........   91%         5    ######.


Dungeon Overview and Level Annotations

Branches:
Dungeon (1/12)

Altars:


Innate Abilities, Weirdness & Mutations

You cannot wear most types of armour.
You are very stealthy in the water. (Stealth+)
You are amphibious.
You can wear up to eight rings at the same time.
You can use your tentacles to constrict eight enemies at once.
Your skin changes colour to match your surroundings (Stealth+).
Your rubbery body absorbs attacks. (AC +1, EV +1)


Message History

A worm is nearby!
The helpless worm fails to defend itself.
You bludgeon the worm! You grab the worm.
The worm is moderately wounded.
You constrict the worm. The worm bites you.
You tentacle-slap the worm but do no damage.
The worm is moderately wounded.
You constrict the worm. The worm bites you.
You are too injured to fight recklessly!
You are too injured to fight recklessly!
You are too injured to fight recklessly!
You release your grip on the worm.
You see here a glowing mace.
h - a glowing mace Wield which item (- for none, * to show all)? (? for menu, Esc to quit)
It sticks to your tentacle!
h - a cursed -3 mace (weapon)
The worm bites you!
Ouch! That really hurt!
You die...

. ..# .# #.# #.
######.########### #. #..
.........(.....
#.###.##.#.####....#.......
#......###..........#####.
##.#.#..#.####....#># #.
...#.........#.##.# #.
#######..#..w@######.##.#
#. ###.....#######.# #.##.#
#. ##....#....# #..# #.##.#
#. #....##.)..#######
#.##.## #.
#....##.....(.#.##
#.##....##.
#...####.........#
#.......... #...#
#.........# .########.##.
..#.# ##.......# .# #.##.
###.## #......### .# #.##.


You could see a worm.

Vanquished Creatures
  2 ball pythons (D:1)
  2 bats (D:1)
  2 hobgoblins (D:1)
  2 kobolds (D:1)
  A frilled lizard (D:1)
  2 rats (D:1)
11 creatures vanquished.

Notes
Turn   | Place    | Note
-------+----------+-------------------------------------------
     0 | D:1      | Banto the Octopode Transmuter began the quest for the Orb.
     0 | D:1      | Reached XP level 1. HP: 13/13 MP: 3/3
   190 | D:1      | Reached XP level 2. HP: 16/18 MP: 5/5
   501 | D:1      | Slain by a worm

Action                   || total
-------------------------++-------
Melee: Unarmed           ||    22
       Constrict         ||     5
       Tentacles         ||     1
 Stab: Sleeping          ||     4
Armor: Skin              ||     1
Dodge: Dodged            ||    19
